 Dungeon Crawl Stone Soup version 0.30-a0-613-gdd512c7efb (webtiles) character file.

Game seed: 6541744858119324656

91 acebull12 the Chopper (level 4, -1/38 HPs)
             Began as a Hill Orc Reaver on Jan 9, 2023.
             Slain by a scorpion (7 damage)
             ... on level 4 of the Dungeon.
             The game lasted 00:04:53 (1867 turns).

acebull12 the Chopper (Hill Orc Reaver)             Turns: 1867, Time: 00:04:53

Health: -1/38      AC:  5    Str: 16    XL:     4   Next: 57%
Magic:  6/6        EV: 10    Int: 13    God:
Gold:   127        SH:  0    Dex:  9    Spells: 5/6 levels left

rFire   . . .      SeeInvis .    a - +0 hand axe
rCold   . . .      Faith    .    (no shield)
rNeg    . . .      Spirit   .    d - +0 ring mail
rPois   .          Reflect  .    (no helmet)
rElec   .          Harm     .    (no cloak)
rCorr   .          Rampage  .    (no gloves)
Will    .....                    (no boots) Stlth
                                 (no amulet)
HPRegen 0.26/turn                (no ring)
MPRegen 0.10/turn                (no ring)

@: no status effects
A: no striking features
a: no special abilities


You were on level 4 of the Dungeon.
You visited 1 branch of the dungeon, and saw 4 of its levels.

You collected 127 gold pieces.

Inventory:

Hand Weapons
 a - a +0 hand axe (weapon)
Armour
 b - a +0 leather armour
 d - a +0 ring mail (worn)
Jewellery
 o - a +6 ring of dexterity
Scrolls
 e - 2 scrolls of identify {unknown}
 f - a scroll of enchant armour {unknown}
 g - a scroll of noise {unknown}
 i - a scroll of fear {unknown}
 j - 3 scrolls of vulnerability {unknown}
 m - a scroll of teleportation {unknown}
Potions
 c - a potion of attraction {unknown}
 h - a potion of resistance {unknown}
 k - a potion of invisibility
 l - a potion of heal wounds {unknown}
 n - 2 potions of cancellation {unknown}


   Skills:
 + Level 3.1 Fighting
 * Level 5.6 Axes
 * Level 1.6 Armour
 + Level 1.6 Dodging
 + Level 1.6 Spellcasting
 + Level 3.2 Conjurations


You had 5 spell levels left.
You knew the following spells:

 Your Spells              Type           Power      Damage    Failure   Level
a - Kiss of Death         Conj/Necr      20%        2d7       26%         1

Your spell library contained the following spells:

 Spells                   Type           Power      Damage    Failure   Level
 Momentum Strike          Conj/Tloc      10%        3d8       36%         2
 Hailstorm                Conj/Ice       5%         3d4       58%         3
 Freezing Cloud           Conj/Ice/Air   1%         6-21      100%        5
 Simulacrum               Ice/Necr       0%         N/A       100%        6
 Polar Vortex             Ice            0%         N/A       100%        9


Dungeon Overview and Level Annotations

Branches:
Dungeon (4/15)
 Temple: D:4-7

Altars:
Elyvilon

Annotations:
D:3 Grinder


Message History

Grinder says, "I used to sell toenails on the black market."
The orc shouts!
You hear a shout!
There is a stone staircase leading down here.
You climb downwards.
Found 13 gold pieces.
Found a stone staircase leading down.
There is a stone staircase leading up here.
Found a dagger.
The giant cockroach bites you.
You slash the giant cockroach!
You kill the giant cockroach!
No target in view!
No target in view!
HP restored.
There is a stone staircase leading up here.
You now have 127 gold pieces (gained 13).
Found a ring mail.
A scorpion comes into view.
You barely miss the scorpion. The scorpion stings you.
You are poisoned.
The scorpion poisons you!
You feel very sick. The scorpion closely misses you.
The scorpion attacks as you move away! The scorpion stings you!
You feel very sick. The scorpion attacks as you move away!
The scorpion stings you.
You feel sick. The scorpion attacks as you move away!
The scorpion stings you but does no damage.
You feel sick.
You closely miss the scorpion.
You feel sick. The scorpion misses you.
You barely miss the scorpion.
You feel sick. The scorpion barely misses you. x2
You closely miss the scorpion.
You feel sick. The scorpion stings you.
You hit the scorpion but do no damage.
You feel sick. The scorpion barely misses you.
You barely miss the scorpion.
You feel sick.
You are no longer poisoned.
The scorpion stings you.
* * * LOW HITPOINT WARNING * * *
You hit the scorpion.
The scorpion is lightly wounded.
The scorpion stings you!
You die...

.................#
...............# #...... .....#
#.... #....# .. #...#####....##
... ##............# ....
##.............# #......
##....##...s....## ##......
##....####..@.....####.......
##....## #....#..............
###....## #....##.............
##.....## #....# #............
#.....## #....###............
......## ##.[.................
.......######................##..
...........................####..
.###......................## #..


You could see a scorpion.

Vanquished Creatures
  2 adders (D:2)
  2 worms (D:2)
  8 bats
  9 endoplasms
  4 giant cockroaches
  2 goblins (D:1)
  9 hobgoblins
  2 jackals (D:2)
  3 quokkas (D:1)
  6 ball pythons
  5 frilled lizards
  6 kobolds
  5 rats
63 creatures vanquished.

Notes
Turn   | Place    | Note
-------+----------+-------------------------------------------
     0 | D:1      | acebull12 the Hill Orc Reaver began the quest for the Orb.
     0 | D:1      | Reached XP level 1. HP: 18/18 MP: 3/3
   125 | D:1      | Reached XP level 2. HP: 14/25 MP: 4/4
   382 | D:1      | Reached XP level 3. HP: 27/30 MP: 5/5
   528 | D:1      | Reached skill level 5 in Axes
  1104 | D:2      | Reached skill level 1 in Armour
  1104 | D:2      | Reached XP level 4. HP: 37/37 MP: 6/6
  1673 | D:3      | Found a white marble altar of Elyvilon.
  1775 | D:3      | Noticed Grinder
  1855 | D:4      | Noticed a scorpion
  1867 | D:4      | Slain by a scorpion

Illustrated notes

Levels and vault maps discovered:
D:1:      dpeg_arrival_yet_another_circle, layout_rooms, minmay_pentomino_w2
D:2:      layout_loops_cross, minmay_worlds_worst_comb
D:3:      layout_rooms, lemuel_doored_altar,
          yredelemnul_forgotten_temple_becter, lemuel_crystal_altar,
          lexackson_kobold_supper, uniq_crazy_yiuf_cottage, uniq_grinder
D:4:      layout_layer_cave, uniq_edmund

Skill      XL: |  1  2  3  4 |
---------------+-------------+-----
Axes           | 5 |  5.6
Armour         | 1 |  1.6
Fighting       | 3 |  3.1
Dodging        | |  1.6
Spellcasting   | |  1.6
Conjurations   | |  3.2

Action                   |  1- 3 |  4- 6 || total
-------------------------+-------+-------++-------
Melee: Hand axe          |   144 |    59 ||   203
       Punch             |     1 |       ||     1
 Cast: Kiss of Death     |     1 |       ||     1
Armor: Leather armour    |     4 |       ||     4
       Ring mail         |    46 |    18 ||    64
Dodge: Dodged            |    75 |    35 ||   110

Table legend: (Time is in decaauts)
 A = Elapsed time spent in this place.
 B = Non-inter-level travel time spent in this place.
 C = Inter-level travel time spent in this place.
 D = Time resting spent in this place.
 E = Time spent auto-exploring this place.
 F = Levels seen in this place.
 G = Mean time per level.
                   A        B        C        D        E       F      G
               +--------+--------+--------+--------+--------+-----+--------+
         Total |   1874 |   1819 |     55 |      0 |   1396 |   4 |  468.5 |
       Dungeon |   1874 |   1819 |     55 |      0 |   1396 |   4 |  468.5 |
               +--------+--------+--------+--------+--------+-----+--------+

Top non-repeatable levels by time:
     D:2: 902 daAuts
     D:1: 764 daAuts
     D:3: 128 daAuts
     D:4: 78 daAuts
